 Dungeon Crawl Stone Soup version 0.17-a0-1617-gfba1302 (webtiles) character file.

63 maniek23 the Insei (level 3, -6/26 HPs)
             Began as a Vampire Transmuter on Aug 1, 2015.
             Mangled by a gnoll
             ... wielding a +0 halberd
              (11 damage)
             ... on level 4 of the Dungeon.
             The game lasted 00:10:04 (3020 turns).

maniek23 the Insei (Vampire Transmuter)             Turns: 3020, Time: 00:10:04

Health: -6/26      AC:  2    Str:  9    XL:     3   Next: 87%
Magic:  0/6        EV:  8    Int: 15    God:
Gold:   105        SH:  0    Dex: 15    Spells: 2 memorised, 3 levels left

rFire  . . .     SeeInvis +       - Unarmed
rCold  . . .     Clarity  .     C - +0 robe
rNeg   + . .     SustAt   .     (no shield)
rPois  .         Gourm    .     (no helmet)
rElec  .         Spirit   .     (no cloak)
rCorr  .         Warding  .     (no gloves)
rMut   .         Stasis   .     (no boots)
MR     .....                    (no amulet)
Stlth  ++........               (no ring)
                                (no ring)

@: not resistant to hostile enchantments, unstealthy
A: fangs 3, see invisible, unbreathing
a: Bat Form


You were on level 4 of the Dungeon.
You were not thirsty.

You visited 1 branch of the dungeon, and saw 4 of its levels.

You collected 105 gold pieces.

Inventory:

Hand weapons
 p - a +1 falchion of draining
Missiles
 a - 90 arrows
 k - 7 javelins (quivered)
Armour
 f - a +0 chain mail
 r - a +0 scale mail
 s - a +0 leather armour
 C - a +0 robe (worn)
Magical devices
 d - a wand of flame (24)
Scrolls
 c - a scroll of magic mapping {unknown}
 g - 5 scrolls of identify {unknown}
 j - a scroll of amnesia {unknown}
 m - a scroll of immolation {unknown}
Potions
 e - a potion of resistance {unknown}
 h - a potion of lignification {unknown}
 i - 2 potions of haste {unknown}
 l - a potion of degeneration {unknown}
 n - a potion of curing {unknown}
 o - a potion of poison {unknown}
 q - 4 potions of blood
Books
 b - a book of Changes

   Spells                             Type                      Level
   a - Beastly Appendage              Transmutation                1
   b - Sticks to Snakes               Transmutation                2
   c - Spider Form                    Transmutation/Poison         3
   d - Ice Form                       Ice/Transmutation            4
   e - Blade Hands                    Transmutation                5


   Skills:
 + Level 1.6 Fighting
 + Level 2.5 Dodging
 + Level 1.9 Stealth
 + Level 4.0 Unarmed Combat
 + Level 2.2 Spellcasting
 * Level 2.6 Transmutations


You had 3 spell levels left.
You knew the following spells:

 Your Spells              Type           Power        Failure   Level  Hunger
a - Beastly Appendage     Trmt           #.....       10%         1    #......
b - Sticks to Snakes      Trmt           #.........   12%         2    ###....


Dungeon Overview and Level Annotations

Branches:
Dungeon (4/15)
 Temple: D:4-7

Altars:

Annotations:
D:4 Edmund; thrall606's ghost, average DsAK


Innate Abilities, Weirdness & Mutations

You have razor-sharp teeth.
You have supernaturally acute eyesight.
You can survive without breathing.


Message History

Your ball python dies!
The gnoll barely misses your adder.
Your adder bites the gnoll but does no damage.
The gnoll barely misses you.
Your adder bites the gnoll.
The gnoll hits your adder with a club.
There is a stone staircase leading up here.
Your ball python bites the gnoll but does no damage.
Your ball python closely misses the gnoll.
Your adder bites the gnoll.
The gnoll hits your ball python with a spear.
Your ball python dies!
The gnoll shouts!
The gnoll dies!
The gnoll closely misses you. The gnoll hits you.
There is a stone staircase leading up here.
Your adder barely misses the gnoll.
The gnoll hits you from afar with a spear.
* * * LOW HITPOINT WARNING * * *
The gnoll hits you from afar with a halberd!
You die...

#### #........## #####
........(.# #....
.......$..# #.###
..........#########..#..
..........##.......W##.#
)."..g.g..#.......###..#
#....S.g..........#...##
#.....@# #..# #...###
####.#.## #..# +.O## #.
#..# #..###..# # ##.#
#....)O## #.# ###....#
#.# #...## #.# ##O## #.#
#..# ###.#####.##


You could see 3 gnolls and a friendly adder.

Vanquished Creatures
  An adder (D:2)
  An ooze (D:3)
  A giant gecko (D:3)
  An orc (D:4)
  5 bats
  6 giant cockroaches
  7 hobgoblins
  5 kobolds
  A quokka (D:2)
  3 giant newts
  3 goblins
  7 rats
41 creatures vanquished.

Vanquished Creatures (collateral kills)
  A gnoll (D:4)
  An orc (D:3)
  A ball python (D:4)
  A rat (D:2)
4 creatures vanquished.

Grand Total: 45 creatures vanquished

Notes
Turn   | Place    | Note
--------------------------------------------------------------
     0 | D:1      | maniek23 the Vampire Transmuter began the quest for the Orb.
     0 | D:1      | Reached XP level 1. HP: 14/14 MP: 3/3
   126 | D:1      | Reached XP level 2. HP: 17/20 MP: 5/5
   205 | D:1      | Reached skill level 1 in Fighting
   331 | D:1      | Reached skill level 1 in Stealth
   381 | D:1      | Learned a level 2 spell: Sticks to Snakes
  1119 | D:2      | Reached XP level 3. HP: 9/26 MP: 1/6
  2226 | D:3      | Reached skill level 4 in Unarmed Combat
  2303 | D:3      | You fall through a shaft!
  2311 | D:4      | Noticed thrall606's ghost (average DsAK)
  2332 | D:4      | Noticed an ogre
  2371 | D:4      | Noticed Edmund
  2375 | D:4      | Noticed an ice beast
  2673 | D:4      | Noticed an ogre
  3020 | D:4      | Mangled by a gnoll

Vault maps used:
D:1:      ncdulo_smallfort
D:2:      first_bread
D:4:      kennysheep_mini_moat, uniq_edmund, uniq_pikel

Action                   || total
-------------------------++-------
Melee: Unarmed           ||   148
 Cast: Sticks to Snakes  ||    12
 Abil: End Transformatio ||     3
       Bat Form          ||     3
 Stab: Sleeping          ||     9
       Distracted        ||     1
  Eat: Corpse            ||     8
